 Dungeon Crawl Stone Soup version 0.19.4-8-ga85b6b9 (webtiles) character file.

207 protoss039 the Chopper (level 5, -2/39 HPs)
             Began as a Vampire Gladiator on Feb 10, 2017.
             Slain by a gnoll
             ... wielding a +0 spear
              (8 damage)
             ... on level 4 of the Dungeon.
             The game lasted 00:08:00 (2504 turns).

protoss039 the Chopper (Vampire Gladiator)          Turns: 2504, Time: 00:08:00

Health: -2/39      AC:  7    Str: 15    XL:     5   Next: 54%
Magic:  5/5        EV: 11    Int: 11    God:
Gold:   181        SH:  0    Dex: 14    Spells: 0 memorised, 4 levels left

rFire  . . .     SeeInvis +     a - +0 war axe
rCold  . . .     Gourm    .     n - +0 scale mail
rNeg   . . .     Faith    .     (no shield)
rPois  .         Spirit   .     c - +0 helmet
rElec  .         Reflect  .     (no cloak)
rCorr  .         Harm     .     (no gloves)
MR     .....                    (no boots)
Stlth  ..........               (no amulet)
                                (no ring)
                                (no ring)

@: lethally poisoned (-2 -> -8), regenerating quickly
A: fangs 3, see invisible, unbreathing
a: no special abilities


You were on level 4 of the Dungeon.
You were very full.

You visited 1 branch of the dungeon, and saw 4 of its levels.

You collected 181 gold pieces.

Inventory:

Hand Weapons
 a - a +0 war axe (weapon)
Missiles
 d - 3 throwing nets (quivered)
Armour
 b - a +0 leather armour
 c - a +0 helmet (worn)
 n - a +0 scale mail (worn)
Jewellery
 g - an uncursed amulet of guardian spirit {unknown}
 m - an uncursed ring of protection from magic {unknown}
Scrolls
 f - a scroll of random uselessness {unknown}
 h - 2 scrolls of enchant armour {unknown}
 i - 2 scrolls of blinking {unknown}
 k - 3 scrolls of remove curse {unknown}
 p - a scroll of identify {unknown}
Potions
 e - 13 potions of blood
 j - a potion of haste {unknown}
 l - a potion of might {unknown}
 o - 2 potions of flight {unknown}


   Skills:
 + Level 2.6 Fighting
 + Level 4.5 Axes
 + Level 1.6 Throwing
 + Level 1.4 Armour
 + Level 4.0 Dodging


You had 4 spell levels left.
You didn't know any spells.

Dungeon Overview and Level Annotations

Branches:
Dungeon (4/15)
 Temple: D:4-7

Altars:
Cheibriados
Hepliaklqana
Vehumet

Annotations:
D:3 Quirk's ghost, amateur DsFi


Innate Abilities, Weirdness & Mutations

Your natural rate of healing is unusually fast.
You have razor-sharp teeth.
You have supernaturally acute eyesight. (SInv)
You can survive without breathing.


Message History

You closely miss the gnoll. The gnoll hits you but does no damage.
The gnoll hits you with a halberd of venom!
You are poisoned.
Unknown command.
Unknown command.
You barely miss the gnoll.
The gnoll is heavily wounded.
You hit the gnoll.
You feel sick. The gnoll hits you with a spear.
The gnoll hits you with a halberd of venom!
* * * LOW HITPOINT WARNING * * *
The gnoll barely misses you.
Unknown command.
Unknown command.
Okay, then.
You slash the gnoll!
You kill the gnoll!
You completely miss the gnoll.
* * * LOW HITPOINT WARNING * * *
You feel sick. The gnoll hits you with a spear!
You die...

## .#
##.# #..#
#..# #..
#)##.#.#
#@g....#
###......
.#### 8.
.. .# !


You could see a gnoll.

Vanquished Creatures
  6 gnolls
  5 adders
  An ooze (D:1)
  5 worms
  4 leopard geckos
  An orc (D:3)
  6 giant cockroaches
  11 goblins
  8 hobgoblins
  4 jackals (D:2)
  A quokka (D:2)
  8 bats
  4 frilled lizards
  12 kobolds
  11 rats
87 creatures vanquished.

Notes
Turn   | Place    | Note
-------+----------+-------------------------------------------
     0 | D:1      | protoss039 the Vampire Gladiator began the quest for the Orb.
     0 | D:1      | Reached XP level 1. HP: 16/16 MP: 1/1
   120 | D:1      | Reached XP level 2. HP: 22/22 MP: 2/2
   686 | D:1      | Reached XP level 3. HP: 27/27 MP: 3/3
   832 | D:2      | Found a radiant altar of Vehumet.
   862 | D:2      | Found a snail-covered altar of Cheibriados.
   981 | D:2      | Found a hazy altar of Hepliaklqana.
  1187 | D:2      | Reached skill level 1 in Armour
  1256 | D:2      | Reached XP level 4. HP: 25/33 MP: 4/4
  1973 | D:3      | Reached XP level 5. HP: 37/39 MP: 5/5
  2044 | D:3      | Noticed Quirk's ghost (amateur DsFi)
  2504 | D:4      | Slain by a gnoll

Skill      XL: |  1  2  3  4  5 |
---------------+----------------+-----
Axes           | 3 4 |  4.5
Fighting       | 2 |  2.6
Armour         | 1 |  1.4
Dodging        | 4 |  4.0
Throwing       | |  1.6

Action                   |  1- 3 |  4- 6 || total
-------------------------+-------+-------++-------
Melee: War axe           |   157 |   117 ||   274
       Bite              |    12 |     9 ||    21
  Use: Potion            |       |     2 ||     2
  Eat: Corpse            |    15 |     7 ||    22
Armor: Leather armour    |    29 |       ||    29
       Scale mail        |    32 |    57 ||    89
Dodge: Dodged            |   102 |    96 ||   198
